 Dungeon Crawl Stone Soup version 0.18-b1-10-g3f7de93 (webtiles) character file.

2009 RudyRod the Magician (level 9, -5/60 HPs)
             Began as a Demonspawn Fire Elementalist on Apr 29, 2016.
             Was an Initiate of Vehumet.
             Slain by an orc warrior
             ... wielding a +0 trident
              (17 damage)
             ... on level 7 of the Dungeon.
             The game lasted 01:02:56 (7995 turns).

RudyRod the Magician (Demonspawn Fire Elementalist) Turns: 7995, Time: 01:02:57

Health: -5/60      AC: 10    Str:  8    XL:     9   Next: 2%
Magic:  1/19       EV: 13    Int: 20    God:    Vehumet [......]
Gold:   450        SH:  0    Dex: 14    Spells: 6 memorised, 5 levels left

rFire  . . .     SeeInvis +     G - +3 mace (curse)
rCold  + . .     Gourm    .     a - +1 robe
rNeg   . . .     Faith    +     (no shield)
rPois  .         Spirit   .     (helmet restricted)
rElec  .         Dismiss  .     (no cloak)
rCorr  .         Reflect  .     s - +0 pair of gloves
SustAt .         Harm     .     (no boots)
MR     .....                    v - amulet of faith
Stlth  ++........               g - +5 ring of protection
                                F - ring of see invisible

@: not resistant to hostile enchantments, unstealthy
A: horns 2, rugged brown scales 1, cold resistance 1, spiny 1
a: Renounce Religion


You were on level 7 of the Dungeon.
You worshipped Vehumet.
Vehumet was noncommittal.
You were not hungry.

You visited 1 branch of the dungeon, and saw 7 of its levels.
You also visited: Sewer.

You collected 450 gold pieces.

Inventory:

Hand Weapons
 d - a +0 club
 q - a +1 flail
 z - a +0 quarterstaff
 B - a +0 falchion of slicing
 E - a cursed +0 whip
 G - a cursed +3 mace (weapon)
 I - a +1 dagger of speed
 K - a cursed -3 battleaxe
Armour
 a - a +1 robe (worn)
 o - a +2 shield
 s - a +0 pair of gloves (worn)
 M - a +0 robe
 N - a +0 robe
Jewellery
 e - an uncursed ring of loudness
 g - a +5 ring of protection (right hand)
 v - an amulet of faith (around neck)
 F - a ring of see invisible (left hand)
 L - a +6 ring of protection
Wands
 J - a wand of flame (23/48)
Scrolls
 n - 2 scrolls of identify
 p - 3 scrolls of remove curse
 u - a scroll of fear
 y - a scroll of magic mapping
Potions
 c - 4 potions of flight {unknown}
 i - a potion of curing {unknown}
 j - a potion of degeneration {unknown}
 l - 5 potions of heal wounds
 m - a potion of might {unknown}
 r - a potion of berserk rage {unknown}
 t - 4 potions of brilliance
 x - 2 potions of agility
 C - 2 potions of haste {unknown}
 D - a potion of mutation {unknown}
Books
 b - a book of Flames

   Spells                             Type                      Level
   a - Flame Tongue                   Conjuration/Fire             1
   b - Throw Flame                    Conjuration/Fire             2
   c - Conjure Flame                  Conjuration/Fire             3
   d - Inner Flame                    Hexes/Fire                   3
   e - Sticky Flame                   Conjuration/Fire             4
   f - Fireball                       Conjuration/Fire             5
 k - a book of Unlife

   Spells                             Type                      Level
   a - Recall                         Summoning/Translocation      3
   b - Animate Dead                   Necromancy                   4
   c - Control Undead                 Necromancy                   4
   d - Cigotuvi's Embrace             Necromancy                   5
   e - Death Channel                  Necromancy                   6
   f - Simulacrum                     Ice/Necromancy               6
 w - a book of Maledictions

   Spells                             Type                      Level
   a - Corona                         Hexes                        1
   b - Ensorcelled Hibernation        Hexes/Ice                    2
   c - Confuse                        Hexes                        3
   d - Tukima's Dance                 Hexes                        3
   e - Dazzling Spray                 Conjuration/Hexes            3
Comestibles
 f - a royal jelly
 h - 3 meat rations
 A - 4 bread rations
 H - a beef jerky


   Skills:
 + Level 1.1 Fighting
 + Level 0.5 Maces & Flails
 + Level 3.5 Dodging
 + Level 2.5 Stealth
 + Level 6.8 Spellcasting
 + Level 5.5 Conjurations
 + Level 2.5 Hexes
 + Level 5.6 Fire Magic


You had 5 spell levels left.
You knew the following spells:

 Your Spells              Type           Power        Failure   Level  Hunger
a - Flame Tongue          Conj/Fire      ####.        1%          1    None
b - Corona                Hex            ###....      3%          1    None
c - Throw Flame           Conj/Fire      ####..       1%          2    None
d - Sticky Flame          Conj/Fire      ####....     12%         4    ###....
e - Dazzling Spray        Conj/Hex       ###.....     8%          3    #......
f - Fireball              Conj/Fire      ####......   30%         5    #####..


Dungeon Overview and Level Annotations

Branches:
Dungeon (7/15)
 Temple: D:4-7

Altars:
Ashenzari
Cheibriados
Elyvilon
Gozag
Kikubaaqudgha
Makhleb
Nemelex Xobeh
Okawaru
Pakellas
Ru
Vehumet
Xom
Yredelemnul
The Shining One


Innate Abilities, Weirdness & Mutations

You have a pair of horns on your head.
You are partially covered in rugged brown scales (AC +1, +3% HP).
Your flesh is cold resistant.
You are partially covered in sharp spines.


Message History

The orc hits you but does no damage.
The orc warrior hits you but does no damage.
Casting: Flame Tongue
Confirm with . or Enter, or press ? or * to list all spells.
Aiming: Flame Tongue
Press: ? - help, Shift-Dir - straight line, f/p - orc warrior
Aim: an orc warrior, wielding a trident and wearing a chain mail (heavily wounded)
The flame tongue hits the orc warrior.
The orc warrior appears unharmed.
The orc warrior is heavily wounded.
The orc barely misses you. The orc warrior closely misses you.
Casting: Flame Tongue
Confirm with . or Enter, or press ? or * to list all spells.
Aiming: Flame Tongue
Press: ? - help, Shift-Dir - straight line, f/p - orc warrior
Aim: an orc warrior, wielding a trident and wearing a chain mail (heavily wounded)
The flame tongue misses the orc warrior.
The orc hits you from afar with a trident!
* * * LOW HITPOINT WARNING * * *
The orc warrior hits you from afar with a trident!
You die...

....###.##.#
... ##.##.# .
#...#.# #
##.##.# #.#
#.##.# ...
#.##.# #..
#.##.#
####..###.##.#
.....o)@..##.#
####.o######.#
#. #<# .. #.#
.. ... #:
##..# # #..#
...# ##.#


You could see an orc warrior and an orc.

Vanquished Creatures
  The ghost of Inkary the Ducker, an amateur TrFi (D:4)
  3 orc warriors
  A necrophage (D:4)
  A phantom (D:6)
  2 ogres
  A big kobold (Sewer)
  A giant frog (D:4)
  A scorpion (D:6)
  5 wights (D:6)
  A crimson imp (D:5)
  2 howler monkeys
  A centaur zombie (D:5)
  3 jellies
  An orc priest (D:4)
  3 hounds
  A giant frog skeleton (D:6)
  3 orc wizards
  An iguana (D:4)
  3 worker ants
  A hound zombie (D:5)
  4 adders
  A river rat (Sewer)
  2 oozes
  6 worms
  4 giant geckos
  16 orcs
  9 bats
  4 giant cockroaches
  12 goblins
  5 hobgoblins
  12 jackals
  14 kobolds
  4 quokkas
  3 ball pythons
  2 giant gecko zombies
  9 giant newts
  2 gnoll zombies (D:3)
  A quokka skeleton (D:5)
  10 rats
  A bush (D:2)
  A fungus (D:3)
158 creatures vanquished.

Vanquished Creatures (others)
  A kobold (D:3)
  A fire vortex (D:4)
2 creatures vanquished.

Grand Total: 160 creatures vanquished

Notes
Turn   | Place    | Note
--------------------------------------------------------------
     0 | D:1      | RudyRod the Demonspawn Fire Elementalist began the quest for the Orb.
     0 | D:1      | Reached XP level 1. HP: 13/13 MP: 3/3
   425 | D:1      | Gained mutation: Your flesh is cold resistant. [demonic ancestry]
   425 | D:1      | Reached XP level 2. HP: 17/19 MP: 0/5
  1064 | D:2      | Gained mutation: You are partially covered in sharp spines. [demonic ancestry]
  1064 | D:2      | Reached XP level 3. HP: 24/24 MP: 1/6
  1349 | D:2      | Found a glowing golden altar of the Shining One.
  1384 | D:2      | Found an oddly glowing altar of Pakellas.
  1845 | D:2      | Reached XP level 4. HP: 26/30 MP: 8/8
  2646 | D:3      | Reached skill level 3 in Spellcasting
  2900 | D:3      | Found a white marble altar of Elyvilon.
  2961 | D:3      | Learned a level 1 spell: Corona
  2964 | D:3      | Learned a level 2 spell: Throw Flame
  3021 | D:3      | Found a burning altar of Makhleb.
  3021 | D:3      | Found an opulent altar of Gozag.
  3021 | D:3      | Found a shimmering altar of Xom.
  3021 | D:3      | Found a sacrificial altar of Ru.
  3029 | D:3      | Found a sparkling altar of Nemelex Xobeh.
  3029 | D:3      | Found an iron altar of Okawaru.
  3224 | D:3      | Found a basalt altar of Yredelemnul.
  3330 | D:3      | Noticed an ogre
  3341 | D:3      | Killed an ogre
  3341 | D:3      | Gained mutation: You have a pair of small horns on your head. [demonic ancestry]
  3341 | D:3      | Reached XP level 5. HP: 36/36 MP: 1/10
  3434 | D:3      | Found a white marble altar of Elyvilon.
  3444 | D:3      | Found an ancient bone altar of Kikubaaqudgha.
  3444 | D:3      | Found a snail-covered altar of Cheibriados.
  3446 | D:3      | Found a shattered altar of Ashenzari.
  3971 | D:4      | Noticed an ogre
  3979 | D:4      | Killed an ogre
  3979 | D:4      | Reached XP level 6. HP: 42/42 MP: 3/11
  4091 | D:4      | Noticed Inkary's ghost (amateur TrFi)
  4108 | D:4      | Killed Inkary's ghost
  4108 | D:4      | Reached skill level 4 in Spellcasting
  4108 | D:4      | Reached skill level 1 in Hexes
  4108 | D:4      | Reached XP level 7. HP: 15/47 MP: 0/13
  4250 | D:4      | Found a glowing drain.
  4257 | Sewer    | Entered a sewer
  4549 | Sewer    | Found a white marble altar of Elyvilon.
  4805 | D:4      | Learned a level 4 spell: Sticky Flame
  5154 | D:4      | Reached skill level 5 in Spellcasting
  5306 | D:4      | Reached skill level 5 in Fire Magic
  5306 | D:4      | Gained mutation: You are partially covered in rugged brown scales (AC +1, +3% HP). [demonic ancestry]
  5306 | D:4      | Reached XP level 8. HP: 47/54 MP: 5/15
  5553 | D:5      | Entered Level 5 of the Dungeon
  5555 | D:5      | Reached skill level 1 in Fighting
  6201 | D:5      | Learned a level 3 spell: Dazzling Spray
  6654 | D:6      | Found an oddly glowing altar of Pakellas.
  6999 | D:6      | Reached skill level 6 in Spellcasting
  6999 | D:6      | Reached skill level 5 in Conjurations
  7596 | D:6      | Found a radiant altar of Vehumet.
  7609 | D:6      | Became a worshipper of Vehumet
  7816 | D:6      | Found a basalt altar of Yredelemnul.
  7959 | D:7      | Learned a level 5 spell: Fireball
  7988 | D:7      | Gained mutation: You have a pair of horns on your head. [demonic ancestry]
  7988 | D:7      | Reached XP level 9. HP: 52/60 MP: 9/19
  7995 | D:7      | Slain by an orc warrior

Skill      XL: |  1  2  3  4  5  6  7  8 |
---------------+-------------------------+-----
Fire Magic     | 3 4 5 |  5.6
Dodging        | 2 3 |  3.5
Conjurations   | 2 3 4 5 |  5.5
Spellcasting   | 3 4 5 6 |  6.8
Stealth        | 2 |  2.5
Hexes          | 1 2 |  2.5
Fighting       | 1 |  1.1
Maces & Flails | |  0.5

Action                   |  1- 3 |  4- 6 |  7- 9 || total
-------------------------+-------+-------+-------++-------
Melee: Club              |    13 |       |       ||    13
       Flail             |    23 |    79 |    13 ||   115
       Headbutt          |       |     1 |     3 ||     4
       Mace              |       |       |     5 ||     5
 Cast: Flame Tongue      |    62 |    75 |    73 ||   210
       Corona            |       |    13 |    25 ||    38
       Throw Flame       |       |    10 |    85 ||    95
       Sticky Flame      |       |       |     9 ||     9
       Dazzling Spray    |       |       |     4 ||     4
  Use: Scroll            |       |     6 |     8 ||    14
  Eat: Chunk             |     3 |     4 |     6 ||    13
       Bread ration      |       |     1 |       ||     1
       Meat ration       |       |       |     2 ||     2
Armor: Robe              |     4 |     6 |    30 ||    40
Dodge: Dodged            |    26 |    25 |    54 ||   105
